 Dungeon Crawl Stone Soup version 0.21-b1-15-gfba53cd (webtiles) character file.

126 omnomnOMINOUS the Magician (level 5, -3/35 HPs)
             Began as an Octopode Wizard on Jan 3, 2018.
             Slain by an iguana (11 damage)
             ... on level 4 of the Dungeon.
             The game lasted 00:10:30 (4134 turns).

omnomnOMINOUS the Magician (Octopode Wizard)        Turns: 4134, Time: 00:10:30

Health: -3/35      AC:  1    Str:  6    XL:     5   Next: 9%
Magic:  9/10       EV: 14    Int: 22    God:
Gold:   136        SH:  0    Dex: 10    Spells: 5/11 levels left

rFire    . . .     SeeInvis .   a - +0 dagger
rCold    . . .     Gourm    .   (no shield)
rNeg     . . .     Faith    .   f - +0 hat
rPois    .         Spirit   .   (no amulet)
rElec    .         Reflect  .   (no ring)
rCorr    .         Harm     .   (no ring)
MR       .....                  (no ring)
Stlth    +++.......             (no ring)
HPRegen  0.11/turn              (no ring)
MPRegen  0.12/turn              (no ring)
                                (no ring)
                                (no ring)

@: no status effects
A: almost no armour, stealthy swim, amphibious, 8 rings, constrict 8, camouflage
1, gelatinous body 1
a: no special abilities


You were on level 4 of the Dungeon.
You were not hungry.

You visited 1 branch of the dungeon, and saw 4 of its levels.

You collected 136 gold pieces.

Inventory:

Hand Weapons
 a - a +0 dagger (weapon)
Armour
 f - a +0 hat (worn)
Scrolls
 d - 2 scrolls of magic mapping {unknown}
 g - a scroll of fear {unknown}
 h - 2 scrolls of amnesia {unknown}
 j - a scroll of enchant weapon {unknown}
 k - 2 scrolls of enchant armour {unknown}
 l - a scroll of immolation {unknown}
 m - 4 scrolls of identify {unknown}
 o - 6 scrolls of remove curse {unknown}
 s - a scroll of blinking {unknown}
 t - a scroll of fog {unknown}
Potions
 e - 2 potions of brilliance {unknown}
 i - 2 potions of lignification {unknown}
 n - 2 potions of curing
 p - a potion of flight {unknown}
 q - a potion of might {unknown}
 r - a potion of berserk rage {unknown}
Books
 b - a book of Minor Magic

   Spells                             Type                      Level
   a - Magic Dart                     Conjuration                  1
   b - Blink                          Translocation                2
   c - Call Imp                       Summoning                    2
   d - Slow                           Hexes                        2
   e - Conjure Flame                  Conjuration/Fire             3
   f - Mephitic Cloud                 Conjuration/Poison/Air       3
Comestibles
 c - 2 rations


   Skills:
 + Level 2.4 Fighting
 + Level 3.4 Dodging
 - Level 2.6 Stealth
 + Level 3.8 Spellcasting
 - Level 1.0 Conjurations
   Level 1.0 Summonings
 - Level 1.0 Translocations


You had 5 spell levels left.
You knew the following spells:

 Your Spells              Type           Power        Failure   Level  Hunger
a - Magic Dart            Conj           #...         8%          1    None
b - Blink                 Tloc           N/A          12%         2    #......
c - Conjure Flame         Conj/Fire      #.......     28%         3    ###....


Dungeon Overview and Level Annotations

Branches:
Dungeon (4/15)
 Temple: D:4-7

Altars:


Innate Abilities, Weirdness & Mutations

You cannot wear most types of armour.
You are very stealthy in the water. (Stealth+)
You are amphibious.
You can wear up to eight rings at the same time.
You can use your tentacles to constrict eight enemies at once.
Your skin changes colour to match your surroundings (Stealth+).
Your rubbery body absorbs attacks. (AC +1, EV +1)


Message History

You hit the adder but do no damage. Your squeeze misses the adder.
The adder is almost dead.
You constrict the adder.
You kill the adder!
You hit the iguana but do no damage. You grab the iguana.
You constrict the iguana. The iguana bites you!
Casting: Magic Dart
Confirm with . or Enter, or press ? or * to list all spells.
Aiming: Magic Dart
Press: ? - help, Shift-Dir - straight line, f - iguana
Aim: an iguana (lightly wounded, constricted by you)
The magic dart hits the iguana.
The iguana is lightly wounded.
You constrict the iguana, but do no damage.
The iguana bites you!
* * * LOW HITPOINT WARNING * * *
It was a potion of curing.
You feel better.
You constrict the iguana, but do no damage.
The iguana bites you!
You die...

....##.....# ...##.....#
##.##.....##############
######.........'.............
.(.....>.......#...##########
#..........+...'.........
#........###[..##########
#....###l# ##### ##+#####@#
#.......# #########


You could see an iguana.

Vanquished Creatures
  A worker ant (D:4)
  4 adders
  3 worms
  2 leopard geckos
  A ball python (D:3)
  3 giant cockroaches
  3 goblins
  7 hobgoblins
  6 jackals
  7 kobolds
  A quokka (D:2)
  7 bats
  2 frilled lizards
  A leopard gecko skeleton (D:3)
  6 rats
54 creatures vanquished.

Notes
Turn   | Place    | Note
-------+----------+-------------------------------------------
     0 | D:1      | omnomnOMINOUS the Octopode Wizard began the quest for the Orb.
     0 | D:1      | Reached XP level 1. HP: 11/11 MP: 4/4
   254 | D:1      | Reached XP level 2. HP: 18/18 MP: 0/6
   484 | D:1      | Reached skill level 1 in Fighting
  1196 | D:2      | Reached XP level 3. HP: 21/23 MP: 2/7
  1200 | D:2      | Learned a level 2 spell: Blink
  1204 | D:2      | Learned a level 3 spell: Conjure Flame
  1777 | D:2      | Reached XP level 4. HP: 28/29 MP: 9/9
  1974 | D:2      | You fall through a shaft!
  2185 | D:3      | HP: 1/29 [worm (11)]
  3703 | D:4      | Reached XP level 5. HP: 22/34 MP: 2/10
  4134 | D:4      | Slain by an iguana

Skill      XL: |  1  2  3  4 |
---------------+-------------+-----
Fighting       | 1 2 |  2.4
Dodging        | 3 |  3.4
Stealth        | |  2.6
Spellcasting   | |  3.8
Conjurations   | |  1.0
Summonings     | |  1.0
Translocations | |  1.0

Action                   |  1- 3 |  4- 6 || total
-------------------------+-------+-------++-------
Melee: Constrict         |     9 |    12 ||    21
       Unarmed           |     2 |       ||     2
       Tentacles         |     5 |     9 ||    14
       Dagger            |    27 |    52 ||    79
 Cast: Magic Dart        |    84 |    55 ||   139
       Conjure Flame     |       |     1 ||     1
       Blink             |       |     1 ||     1
  Use: Potion            |       |     1 ||     1
 Stab: Sleeping          |       |     2 ||     2
  Eat: Chunk             |     2 |     2 ||     4
       Ration            |       |     2 ||     2
Armor: Skin              |     3 |     4 ||     7
Dodge: Dodged            |    17 |    36 ||    53
